 Dungeon Crawl Stone Soup version 0.21-a0-630-g344d351 (webtiles) character file.

2619 KristoblXynda the Infuser (level 9, -2/41 HPs)
             Began as a Spriggan Skald on Dec 26, 2017.
             Was a Believer of Fedhas.
             Slain by a hornet (14 damage)
             ... on level 8 of the Dungeon.
             The game lasted 00:18:40 (10901 turns).

KristoblXynda the Infuser (Spriggan Skald)         Turns: 10901, Time: 00:18:41

Health: -2/41      AC:  4    Str: 10    XL:     9   Next: 34%
Magic:  21/21      EV: 20    Int: 17    God:    Fedhas [**....]
Gold:   411        SH:  0    Dex: 15    Spells: 15/22 levels left

rFire    . . .     SeeInvis +   g - +2 dagger (elec)
rCold    . . .     Gourm    .   (shield restricted)
rNeg     . . .     Faith    .   b - +0 robe
rPois    .         Spirit   .   (helmet restricted)
rElec    .         Reflect  .   G - +1 cloak {MR+}
rCorr    .         Harm     .   (gloves unavailable)
MR       ++...                  (boots unavailable)
Stlth    +++++.....             (no amulet)
HPRegen  0.13/turn              r - +2 ring of strength
MPRegen  0.17/turn              s - ring of stealth

@: lethally poisoned (-2 -> -7), infused, very quick
A: very small, unfitting armour, see invisible, herbivore, speed 3, slow
metabolism 2
a: Fungal Bloom, Evolution, Sunlight, Renounce Religion


You were on level 8 of the Dungeon.
You worshipped Fedhas.
Fedhas was pleased with you.
You were not hungry.

You visited 2 branches of the dungeon, and saw 9 of its levels.
You also visited: Ossuary.

You collected 411 gold pieces.

Inventory:

Hand Weapons
 g - a +2 dagger of electrocution (weapon)
Missiles
 q - a throwing net (quivered)
Armour
 b - a +0 robe (worn)
 G - a +1 cloak of magic resistance (worn)
Jewellery
 l - an uncursed ring of positive energy
 r - a +2 ring of strength (left hand)
 s - a ring of stealth (right hand)
 z - an uncursed ring of resist corrosion
 D - an uncursed ring of protection from cold
Wands
 e - a wand of flame (28)
 u - a wand of digging (3)
 y - a wand of enslavement (10)
 B - a wand of scattershot (2)
 E - a wand of disintegration (15)
 F - a wand of iceblast (7)
Scrolls
 i - 2 scrolls of amnesia
Potions
 a - a potion of haste
 h - a potion of invisibility
 j - 2 potions of ambrosia
 k - 3 potions of brilliance
 p - a potion of flight
 t - a potion of agility
 x - 3 potions of might
 A - 3 potions of resistance
 C - a potion of mutation
Books
 c - a book of Battle

   Spells                             Type                      Level
   a - Infusion                       Charms                       1
   b - Shroud of Golubria             Charms/Translocation         2
   c - Song of Slaying                Charms                       2
   d - Spectral Weapon                Hexes/Charms                 3
   e - Regeneration                   Charms/Necromancy            3
 v - a book of Changes

   Spells                             Type                      Level
   a - Beastly Appendage              Transmutation                1
   b - Sticks to Snakes               Transmutation                2
   c - Spider Form                    Transmutation/Poison         3
   d - Ice Form                       Ice/Transmutation            4
   e - Blade Hands                    Transmutation                5
Comestibles
 d - 9 rations


   Skills:
 - Level 1.5 Fighting
 - Level 5.0 Short Blades
 - Level 5.2 Dodging
 + Level 8.3 Stealth
 + Level 7.4 Spellcasting
 + Level 9.7 Charms
 + Level 4.0 Invocations
 + Level 5.5 Evocations


You had 15 spell levels left.
You knew the following spells:

 Your Spells              Type           Power        Failure   Level  Hunger
a - Infusion              Chrm           ####         1%          1    None
b - Regeneration          Chrm/Necr      ###.......   4%          3    ##.....
c - Spectral Weapon       Hex/Chrm       ###.....     4%          3    ##.....


Dungeon Overview and Level Annotations

Branches:
Dungeon (8/15)             Temple (1/1) D:6
   Lair: D:8-11

Altars:
Ashenzari
Cheibriados
Dithmenos
Elyvilon
Fedhas
Gozag
Hepliaklqana
Kikubaaqudgha
Makhleb
Nemelex Xobeh
Okawaru
Qazlal
Ru
Sif Muna
Trog
Uskayaw
Vehumet
Wu Jian
Xom
Yredelemnul
Zin
The Shining One
Jiyva

Shops:
D:5 :

Annotations:
D:4 anet's ghost, amateur GrWz
D:6 Eustachio


Innate Abilities, Weirdness & Mutations

You are very small and have problems with some larger weapons.
You are too small for most types of armour.
You have supernaturally acute eyesight. (SInv)
You are a herbivore.
You cover ground extremely quickly.
You need consume almost no food.


Message History

The hornet is lightly wounded.
The hornet stings you.
You are poisoned.
You suddenly lose the ability to move!
You feel sick. The hornet stings you!
You feel yourself slow down.
You feel yourself speed up.
You feel sick. The hornet stings you!
You shrug off the repeated paralysis!
The hornet barely misses you.
You feel sick. The hornet barely misses you.
You can move again.
Evoke which item? (* to show all) (? for menu, Esc to quit)
Aiming: Scattershot
Press: ? - help, Shift-Dir - straight line, f - hornet
Aim: a hornet The burst of metal fragments hits the hornet. x4
The hornet is severely wounded.
Something shouts, "Leave, thou spongy motley-minded bandersnitch!"
The hornet stings you!
You die...
Fedhas appreciates your contribution to the ecosystem.

..).P............*,,,,,,,**,,*,,,
.###......>......#,,,..,,,,,,*,,,
.# ##..#..........,,..,,,,,,,,,,,
.# ##...........#*#.,**,,**,*,,,
.# ###.........##.,***.,**,*,,,
## ##...........,,,,..,,*,*,,,
#...........#**,..#*,,,*,,,
#.##......y.#**....,,,**,,,
#.#*##....@.##.....,,,**,,*
##.######...>.......,,..o.,,
#[.<.#....#.....#..,,,o..,,,
#......#....##......,,o.#,*,
##....#..##'##*######*,..,,*, #
#........#♣.♣♣♣♣♣♣♣♣♣##.###*. #
##.......#♣......)...+..,.##. ##
#....####♣.♣♣♣♣♣♣♣.♣#.##....
.#####....# ♣.♣.....♣.♣#.....#*


You could see a hornet.

Vanquished Creatures
  Prince Ribbit (D:6)
  A hornet (D:7)
  Menkaure (D:4)
  A sky beast (D:7)
  An ice beast (D:5)
  A phantom (D:8)
  2 centaurs
  A big kobold (D:7)
  2 bullfrogs (D:6)
  An elf zombie (Ossuary)
  Blork the orc (D:5)
  A wyvern skeleton (D:6)
  A scorpion (D:6)
  6 killer bees (D:8)
  2 howler monkeys (D:4)
  A centaur zombie (Ossuary)
  2 human zombies (Ossuary)
  A quasit (D:8)
  An orc priest (D:5)
  3 hounds
  A jelly (D:8)
  Crazy Yiuf (D:5)
  An iguana (D:8)
  3 orc wizards
  5 worker ants
  3 big kobold zombies (Ossuary)
  A hound skeleton (D:4)
  2 mummies (Ossuary)
  8 gnolls
  8 adders
  A howler monkey skeleton (D:5)
  An ooze (D:2)
  2 adder skeletons
  An adder zombie (Ossuary)
  3 worms
  3 dart slugs
  11 leopard geckos
  9 orcs
  3 giant cockroaches
  6 hobgoblins
  8 jackals
  5 kobolds
  3 quokkas
  11 bats
  7 frilled lizards
  8 goblins
  A goblin zombie (Ossuary)
  9 hobgoblin zombies (Ossuary)
  2 jackal zombies (Ossuary)
  6 kobold zombies (Ossuary)
  A leopard gecko skeleton (D:4)
  11 orc zombies (Ossuary)
  3 rats
179 creatures vanquished.

Vanquished Creatures (others)
  51 toadstools
51 creatures vanquished.

Grand Total: 230 creatures vanquished

Notes
Turn   | Place    | Note
-------+----------+-------------------------------------------
     0 | D:1      | KristoblXynda the Spriggan Skald began the quest for the Orb.
     0 | D:1      | Reached XP level 1. HP: 10/10 MP: 5/5
    47 | D:1      | Reached XP level 2. HP: 8/14 MP: 0/6
   572 | D:1      | Reached skill level 5 in Charms
   951 | D:1      | Reached XP level 3. HP: 18/18 MP: 8/8
   956 | D:1      | Learned a level 3 spell: Regeneration
   960 | D:1      | Learned a level 3 spell: Spectral Weapon
  1989 | D:2      | Reached XP level 4. HP: 17/22 MP: 9/9
  2166 | D:2      | You fall through a shaft!
  2588 | D:3      | Reached skill level 5 in Dodging
  2596 | D:3      | Reached XP level 5. HP: 15/25 MP: 5/11
  2845 | D:2      | Reached skill level 1 in Stealth
  2845 | D:2      | Reached skill level 6 in Charms
  3545 | D:4      | Noticed anet's ghost (amateur GrWz)
  4177 | D:4      | Reached XP level 6. HP: 15/30 MP: 10/13
  4681 | D:4      | Noticed Menkaure
  4690 | D:4      | Killed Menkaure
  4723 | D:4      | You fall through a shaft for 2 floors!
  4758 | D:6      | Reached skill level 7 in Charms
  4758 | D:6      | Reached XP level 7. HP: 33/33 MP: 13/15
  4781 | D:6      | Found a staircase to the Ecumenical Temple.
  4790 | Temple   | Entered the Ecumenical Temple
  4869 | Temple   | Became a worshipper of Fedhas Madash
  5002 | D:6      | Noticed Eustachio
  5067 | D:6      | Reached skill level 5 in Spellcasting
  5131 | D:6      | Reached skill level 5 in Short Blades
  5294 | D:6      | Found a hazy altar of Hepliaklqana.
  5296 | D:6      | Found a shattered altar of Ashenzari.
  5298 | D:6      | Found a sacrificial altar of Ru.
  5298 | D:6      | Noticed Prince Ribbit
  5311 | D:6      | Reached skill level 1 in Evocations
  5572 | D:6      | Killed Prince Ribbit
  5572 | D:6      | Reached skill level 5 in Stealth
  5572 | D:6      | Reached skill level 1 in Invocations
  5810 | D:6      | Reached XP level 8. HP: 29/37 MP: 17/17
  5929 | D:6      | Reached skill level 8 in Charms
  5955 | D:6      | Found a snail-covered altar of Cheibriados.
  5955 | D:6      | Found a shimmering altar of Xom.
  5955 | D:6      | Found an iron altar of Okawaru.
  5955 | D:6      | Found a shadowy altar of Dithmenos.
  5964 | D:6      | Found a radiant altar of Vehumet.
  5965 | D:6      | Found a sparkling altar of Nemelex Xobeh.
  6208 | D:5      | Entered Level 5 of the Dungeon
  6272 | D:5      | Reached * piety under Fedhas
  6497 | D:5      | Found Bulizukast's Book Emporium.
  6967 | D:5      | Noticed Blork the orc
  6986 | D:5      | Killed Blork the orc
  7526 | D:5      | Found a runed door.
  7530 | D:5      | Noticed Crazy Yiuf
  7534 | D:5      | Killed Crazy Yiuf
  7585 | D:5      | Found an ornate altar of the Wu Jian Council.
  7585 | D:5      | Found an opulent altar of Gozag.
  7676 | D:5      | Found a sparkling altar of Nemelex Xobeh.
  7710 | D:5      | Reached ** piety under Fedhas
  8619 | D:7      | Noticed a hornet
  8623 | D:7      | Killed a hornet
  9044 | D:7      | Reached skill level 9 in Charms
  9566 | D:8      | Reached XP level 9. HP: 41/41 MP: 14/20
  9607 | D:8      | Reached skill level 5 in Evocations
  9726 | D:8      | Found a sand-covered staircase.
  9731 | Ossuary  | Entered an ossuary
 10897 | D:8      | Paralysed by a hornet for 3 turns
 10901 | D:8      | Slain by a hornet

Vault maps used:
D:1:      dpeg_arrival_chase
D:2:      kennysheep_generic_room_12
D:3:      first_ration
D:4:      uniq_menkaure
D:5:      amethyst_overflow_temple_binary, serial_shops, kennysheep_little_box,
          roderic_batcave, nemelex_diamond_rough_becter,
          uniq_crazy_yiuf_cottage, uniq_blork_the_orc
D:6:      minmay_overflow_temple_hex, grunt_temple_overflow_open,
          temple_statues, hangedman_decor_lopped, uniq_prince_ribbit1,
          uniq_eustachio
D:8:      nicolae_ossuary_entry_false_entrances, grunt_ogre_cave,
          kennysheep_small_spiral, uniq_erica
Temple:   pf_slimified_temple
Ossuary:  ossuary_tomb_1

Skill      XL: |  1  2  3  4  5  6  7  8  9 |
---------------+----------------------------+-----
Dodging        | 4 5 |  5.2
Charms         | 5 6 7 9 |  9.7
Short Blades   | 3 4 5 |  5.0
Spellcasting   | 3 4 5 6 7 |  7.4
Stealth        | 2 3 5 7 8 |  8.3
Evocations     | 2 4 5 |  5.5
Invocations    | 1 3 4 |  4.0
Fighting       | |  1.5

Action                   |  1- 3 |  4- 6 |  7- 9 || total
-------------------------+-------+-------+-------++-------
Melee: Dagger            |   102 |   134 |   344 ||   580
       Short sword       |     1 |       |       ||     1
 Cast: Infusion          |     4 |    11 |    12 ||    27
Invok: Fungal Bloom      |       |       |    23 ||    23
Evoke: Wand              |       |       |     2 ||     2
  Use: Potion            |       |     1 |     3 ||     4
       Scroll            |       |     4 |    16 ||    20
 Stab: Sleeping          |     2 |     1 |    20 ||    23
       Distracted        |       |       |     2 ||     2
  Eat: Ration            |       |     1 |     3 ||     4
Armor: Robe              |     9 |     8 |    27 ||    44
       Skin              |       |       |    48 ||    48
Dodge: Dodged            |    67 |   119 |   234 ||   420

Table legend:
 A = Spawn XP
 B = Non-spawn XP
 C = Spawn XP percentage of total XP
 D = Spawn monster count
 E = Non-spawn monster count
 F = Spawn count percentage of total count
 G = Total turns spent on level
                    A         B        C        D         E        F      G
               +---------+---------+-------+---------+---------+-------+---------
         Total |       0 |    3742 |   0.0 |       0 |     179 |   0.0 | 10901
               +---------+---------+-------+---------+---------+-------+---------
           D:1 |       0 |      49 |   0.0 |       0 |      19 |   0.0 |  1606
           D:2 |       0 |     114 |   0.0 |       0 |      17 |   0.0 |   781
           D:3 |       0 |     156 |   0.0 |       0 |      25 |   0.0 |  1555
           D:4 |       0 |     438 |   0.0 |       0 |      15 |   0.0 |  1000
           D:5 |       0 |     462 |   0.0 |       0 |      32 |   0.0 |  2155
           D:6 |       0 |     767 |   0.0 |       0 |      11 |   0.0 |  1375
           D:7 |       0 |     660 |   0.0 |       0 |       9 |   0.0 |   929
           D:8 |       0 |     724 |   0.0 |       0 |      12 |   0.0 |   454
       Ossuary |       0 |     372 |   0.0 |       0 |      39 |   0.0 |   899
               +---------+---------+-------+---------+---------+-------+---------
